 Dungeon Crawl Stone Soup version 0.29-a0-553-g81b289dbe5 (webtiles) character file.

Game seed: 13939480630111866756

6294 Hubjo the Changer (level 10, -1/77 HPs)
             Began as a Demonspawn Transmuter on June 6, 2022.
             Was an Elder of Dithmenos.
             Slain by a wolf (2 damage)
             ... on level 1 of the Lair of Beasts.
             The game lasted 00:22:39 (11532 turns).

Hubjo the Changer (Demonspawn Transmuter)          Turns: 11532, Time: 00:22:40

Health: -1/77      AC:  8    Str: 12    XL:     10   Next: 63%
Magic:  19/19      EV: 12    Int: 14    God:    Dithmenos [****..]
Gold:   474        SH:  0    Dex: 15    Spells: 16/21 levels left

rFire   . . .      SeeInvis +     - Unarmed
rCold   . . .      Faith    +   (no shield)
rNeg    . . .      Spirit   .   w - +1 acid dragon scales
rPois   +          Reflect  .   (helmet unavailable)
rElec   .          Harm     .   (no cloak)
rCorr   +          Rampage  .   (no gloves)
Will    .....                   (no boots)
Stlth   ++++......              f - amulet of faith
HPRegen 0.22/turn               l - ring of wizardry
MPRegen 0.32/turn               s - ring of poison resistance

@: wreathed by umbra
A: antennae 3, thin metallic scales 2, magic regeneration, clumsy 1, deformed
body, shaggy fur 1, devolution 1
a: Renounce Religion, Shadow Step


You were on level 1 of the Lair of Beasts.
You worshipped Dithmenos.
Dithmenos was greatly pleased with you.
You visited 3 branches of the dungeon, and saw 10 of its levels.

You collected 474 gold pieces.

Inventory:

Missiles
 m - a throwing net
Armour
 a - a +0 robe
 w - +1 acid dragon scales (worn)
 x - +0 steam dragon scales
Jewellery
 d - a ring of willpower
 f - an amulet of faith (around neck)
 l - a ring of wizardry (left hand)
 s - a ring of poison resistance (right hand)
 z - a ring of flight
Scrolls
 c - 4 scrolls of blinking
 h - a scroll of fear
 k - a scroll of brand weapon
 o - a scroll of vulnerability
 r - a scroll of enchant weapon
 y - 2 scrolls of noise
Potions
 b - 2 potions of lignification
 e - a potion of invisibility
 g - 2 potions of cancellation
 p - 2 potions of attraction
 q - 5 potions of curing
 v - 3 potions of flight


   Skills:
 + Level 6.5 Fighting
 - Level 0.9 Armour
 + Level 4.1 Dodging
 + Level 6.3 Stealth
 + Level 6.4 Unarmed Combat
 + Level 6.1 Spellcasting
 + Level 7.5 Transmutations
 - Level 2.9 Ice Magic


You had 16 spell levels left.
You knew the following spells:

 Your Spells              Type           Power      Damage    Failure   Level
a - Beastly Appendage     Tmut           50%        N/A       1%          1
b - Ice Form              Ice/Tmut       19%        N/A       11%         4

Your spell library contained the following spells:

 Spells                   Type           Power      Damage    Failure   Level
 Wereblood                Tmut           25%        N/A       1%          2
 Spider Form              Tmut/Pois      14%        N/A       6%          3
 Apportation              Tloc           8%         N/A       10%         1
 Necrotize                Necr           16%        1d4       10%         1
 Summon Small Mammal      Summ           16%        N/A       10%         1
 Sublimation of Blood     Necr           4%         N/A       14%         2
 Petrify                  Tmut/Erth      14%        N/A       19%         4
 Irradiate                Conj/Tmut      7%         3d15      45%         5
 Airstrike                Air            2%         N/A       65%         4
 Summon Lightning Spire   Summ/Air       4%         N/A       65%         4
 Lightning Bolt           Conj/Air       2%         1d13      92%         5


Dungeon Overview and Level Annotations

Branches:
Dungeon (8/15)             Temple (1/1) D:4            Lair (1/6) D:8

Altars:
Ashenzari
Cheibriados
Dithmenos
Elyvilon
Fedhas
Makhleb
Nemelex Xobeh
Okawaru
Qazlal
Ru
Sif Muna
Trog
Uskayaw
Vehumet
Wu Jian
Xom
Zin
The Shining One

Shops:
D:8 *


Innate Abilities, Weirdness & Mutations

You have a pair of large antennae on your head. (SInv)
You are mostly covered in thin metallic scales. (AC +3)
You regenerate magic rapidly.
You are clumsy. (Dex -2)
Armour fits poorly on your strangely shaped body.
You are covered in fur. (AC +1)
You have hidden genetic defects.


Message History

The wolf closely misses you.
You hit the black mamba but do no damage.
Your shadow hits the black mamba but does no damage.
The black mamba closely misses you. The water moccasin barely misses you.
The wolf barely misses you.
You punch the black mamba! You freeze the black mamba.
The black mamba is heavily wounded.
The black mamba bites you. The wolf barely misses you.
The water moccasin bites you. The black mamba bites you!
The wolf bites you but does no damage.
You punch the black mamba! You freeze the black mamba.
The black mamba is severely wounded.
The water moccasin barely misses you. The black mamba bites you!
* * * LOW HITPOINT WARNING * * *
The wolf bites you.
* * * LOW HITPOINT WARNING * * *
The water moccasin misses you. The black mamba misses you.
You hit the black mamba but do no damage.
The black mamba is severely wounded.
The wolf barely misses you. The black mamba closely misses you.
The water moccasin closely misses you. The wolf misses you.
You hit the black mamba.
The black mamba seems to slow down.
You freeze the black mamba.
The black mamba is almost dead.
The sentinel's mark upon you fades away.
The black mamba bites you.
* * * LOW HITPOINT WARNING * * *
The wolf bites you.
* * * LOW HITPOINT WARNING * * *
The water moccasin bites you.
* * * LOW HITPOINT WARNING * * *
You barely miss the black mamba.
The black mamba is almost dead.
You warm up again.
Your +1 acid dragon scales unmelds from your body.
The wolf bites you!
* * * LOW HITPOINT WARNING * * *
The black mamba bites you but does no damage.
The water moccasin closely misses you. The wolf bites you.
You die...

..##..... . .....## ..
..##.# # #.... ..# ##
.....# #..# .....l###
###..#
........#######......
........h#P#hS.........
...........lS@...###.. ##
..........h.#######..##.###
............# ###...##.#
...........## ##.....'.###
..........##
###......#...## ..........#
#....8........##
...../†.###
##......(..#P...#
.....##.##
##......#####..... #.###
##.####..8..#.###.#.##..


You could see a komodo dragon, a black mamba (slow), a water moccasin and 3
wolves.

Vanquished Creatures
  Pikel (D:6)
  Grinder (D:5)
  2 basilisks (Lair:1)
  A wyvern (D:8)
  8 yaks
  A steam dragon (D:6)
  An acid dragon (D:6)
  3 water moccasins
  Duvessa (D:7)
  2 black bears (D:8)
  A sky beast (D:7)
  An ogre (D:5)
  3 wolves (Lair:1)
  3 centaurs
  A phantom (D:6)
  2 kobold brigands
  5 bullfrogs
  A necrophage (D:6)
  3 scorpions
  7 wights
  Dowan (D:7)
  A howler monkey (D:7)
  Crazy Yiuf (D:5)
  4 orc priests
  6 jellies
  4 hounds
  2 gnoll shamans
  4 iguanas
  5 orc wizards
  6 gnolls
  3 adders
  4 shadow imps
  2 ufetubi (D:6)
  2 worms
  4 dart slugs
  35 orcs
  3 ball pythons
  7 endoplasms
  4 giant cockroaches
  A hobgoblin (D:3)
  3 quokkas
  7 bats
  A frilled lizard (D:1)
  7 goblins
  15 kobolds
  4 rats
184 creatures vanquished.

Vanquished Creatures (collateral kills)
  An orc warrior (D:7)
  An ogre (D:7)
  A bullfrog (D:7)
  A scorpion (D:4)
  A gnoll (D:7)
  An adder (D:4)
  3 orcs (D:7)
  A goblin (D:4)
  A quokka (D:4)
11 creatures vanquished.

Vanquished Creatures (others)
  6 fungi
  2 plants (Lair:1)
8 creatures vanquished.

Grand Total: 203 creatures vanquished

Notes
Turn   | Place    | Note
-------+----------+-------------------------------------------
     0 | D:1      | Hubjo the Demonspawn Transmuter began the quest for the
                  | Orb.
     0 | D:1      | Reached XP level 1. HP: 15/15 MP: 3/3
   165 | D:1      | Gained mutation: You are partially covered in thin metallic
                  | scales. (AC +2) [demonic ancestry]
   165 | D:1      | Reached XP level 2. HP: 21/21 MP: 3/5
  1095 | D:2      | Reached skill level 2 in Transmutations
  1742 | D:2      | Gained mutation: You regenerate magic rapidly. [demonic
                  | ancestry]
  1742 | D:2      | Reached XP level 3. HP: 21/27 MP: 4/6
  2196 | D:3      | Reached skill level 1 in Stealth
  2566 | D:3      | Found a broken altar of Ashenzari.
  2806 | D:4      | Found a staircase to the Ecumenical Temple.
  2834 | D:4      | Reached XP level 4. HP: 15/33 MP: 7/7
  2939 | D:4      | Learned a level 4 spell: Ice Form
  3394 | Temple   | Entered the Ecumenical Temple
  3574 | Temple   | Became a worshipper of Dithmenos the Shadowed
  3607 | D:4      | Noticed a scorpion
  3614 | D:4      | Killed a scorpion
  3615 | D:4      | Reached XP level 5. HP: 39/39 MP: 8/8
  3866 | D:4      | Reached skill level 3 in Transmutations
  3905 | D:4      | Reached skill level 1 in Ice Magic
  4175 | D:4      | Reached XP level 6. HP: 28/46 MP: 10/10
  4450 | D:5      | Entered Level 5 of the Dungeon
  4472 | D:5      | Noticed a water moccasin
  4478 | D:5      | Killed a water moccasin
  4987 | D:5      | Lost mutation: You have a pair of horns on your head.
                  | [demonic ancestry]
  4987 | D:5      | Lost mutation: You have a pair of small horns on your head.
                  | [demonic ancestry]
  4987 | D:5      | Gained mutation: You have a pair of small antennae on your
                  | head. [demonic ancestry]
  4987 | D:5      | Reached XP level 7. HP: 40/52 MP: 11/11
  5083 | D:5      | Noticed Grinder
  5091 | D:5      | Paralysed by Grinder for 3 turns
  5106 | D:5      | Killed Grinder
  5107 | D:5      | Reached skill level 4 in Transmutations
  5388 | D:5      | Reached * piety under Dithmenos
  5658 | D:5      | Gained mutation: You are mostly covered in thin metallic
                  | scales. (AC +3) [demonic ancestry]
  5658 | D:5      | Reached XP level 8. HP: 29/60 MP: 8/13
  6190 | D:5      | Found a runed translucent door.
  6191 | D:5      | Noticed Crazy Yiuf
  6595 | D:5      | Killed Crazy Yiuf
  7036 | D:6      | Reached skill level 5 in Transmutations
  8063 | D:6      | Noticed Pikel
  8080 | D:6      | Killed Pikel
  8080 | D:6      | Reached ** piety under Dithmenos
  8081 | D:6      | Reached skill level 6 in Transmutations
  8081 | D:6      | Gained mutation: You have a pair of antennae on your head.
                  | [demonic ancestry]
  8081 | D:6      | Reached XP level 9. HP: 66/66 MP: 12/15
  8222 | D:6      | Reached skill level 5 in Unarmed Combat
  8587 | D:6      | Gained mutation: You are agile. (Dex +2) [potion of
                  | mutation]
  8587 | D:6      | Gained mutation: You are covered in fur. (AC +1) [potion of
                  | mutation]
  8587 | D:6      | Gained mutation: You are dopey. (Int -2) [potion of
                  | mutation]
  8587 | D:6      | Gained mutation: You have sharp toenails. [potion of
                  | mutation]
  8588 | D:6      | Lost mutation: You are agile. (Dex +2) [potion of mutation]
  8588 | D:6      | Lost mutation: You have sharp toenails. [potion of
                  | mutation]
  8588 | D:6      | Gained mutation: Your natural rate of healing is unusually
                  | fast. [potion of mutation]
  8588 | D:6      | Gained mutation: You are clumsy. (Dex -2) [potion of
                  | mutation]
  8651 | D:7      | Noticed Duvessa
  8651 | D:7      | Noticed Dowan
  8655 | D:7      | Killed Dowan
  8671 | D:7      | Killed Duvessa
  8672 | D:7      | Reached skill level 5 in Fighting
  8944 | D:7      | Found a sparkling altar of Nemelex Xobeh.
  9399 | D:7      | Reached skill level 5 in Spellcasting
  9402 | D:7      | Reached skill level 5 in Stealth
  9901 | D:8      | Reached *** piety under Dithmenos
  9921 | D:8      | Reached skill level 7 in Transmutations
  9936 | D:8      | Found a staircase to the Lair.
 10007 | D:8      | Gained mutation: You have a pair of large antennae on your
                  | head. (SInv) [demonic ancestry]
 10007 | D:8      | Reached XP level 10. HP: 40/76 MP: 15/18
 10232 | D:8      | Found Wodgha Xofas's General Store.
 10447 | Lair:1   | Entered Level 1 of the Lair of Beasts
 10458 | Lair:1   | Lost mutation: Your natural rate of healing is unusually
                  | fast. [potion of mutation]
 10458 | Lair:1   | Lost mutation: You are dopey. (Int -2) [potion of mutation]
 10458 | Lair:1   | Lost mutation: You are clumsy. (Dex -2) [potion of
                  | mutation]
 10458 | Lair:1   | Gained mutation: You have hidden genetic defects. [potion
                  | of mutation]
 10458 | Lair:1   | Gained mutation: You are clumsy. (Dex -2) [potion of
                  | mutation]
 10965 | Lair:1   | Reached **** piety under Dithmenos
 11015 | Lair:1   | Gained mutation: Armour fits poorly on your strangely
                  | shaped body. [hidden defects]
 11507 | Lair:1   | Noticed a black mamba
 11532 | Lair:1   | HP: 1/77 [wolf (7)]
 11532 | Lair:1   | Slain by a wolf

Illustrated notes

Levels and vault maps discovered:
D:1:      onia_arrival_pyramid, layout_rooms
D:2:      layout_loops_corners, minmay_misc_feat_x
D:3:      layout_loops_ring, mainiacjoe_overflow_24_doors
D:4:      layout_basic, minmay_temple_entry_drinking_statues,
          chequers_serial_rivers_small_3, nrook_mini_vaults
D:5:      layout_basic, minmay_misc_feat_alley, uniq_grinder,
          uniq_crazy_yiuf_cottage
D:6:      layout_gridville, minmay_misc_feat_hallway, grunt_decor_one_mirror,
          hangedman_abyss_or_decor_lesser_grid, kennysheep_generic_room_6,
          uniq_pikel
D:7:      layout_gridville, mainiacjoe_overflow_surrounded_room, uniq_duvessa
D:8:      layout_gridville, david_lair_generic, serial_shops,
          nicolae_shop_statue_plus
Temple:   eino_temple_scatter_basement
Lair:1:   layout_cave_pods, st_stairs_11, grunt_megastairs_3

Skill      XL: |  1  2  3  4  5  6  7  8  9 10 |
---------------+-------------------------------+-----
Transmutations | 2 3 4 6 7 |  7.5
Fighting       | 2 3 4 5 6 |  6.5
Stealth        | 1 2 3 4 5 6 |  6.3
Unarmed Combat | 3 4 5 6 |  6.4
Ice Magic      | 1 2 |  2.9
Spellcasting   | 3 4 5 6 |  6.1
Dodging        | 3 4 |  4.1
Armour         | |  0.9

Action                   |  1- 3 |  4- 6 |  7- 9 | 10-12 || total
-------------------------+-------+-------+-------+-------++-------
Melee: Unarmed           |    97 |    86 |   339 |   145 ||   667
       Kick              |    23 |    20 |    39 |     6 ||    88
       Headbutt          |     9 |    15 |       |       ||    24
       Punch             |     1 |     1 |     5 |     1 ||     8
 Cast: Beastly Appendage |    40 |    15 |    26 |     4 ||    85
       Ice Form          |       |     3 |    22 |    10 ||    35
  Use: Scroll            |     3 |     5 |     5 |     2 ||    15
       Potion            |       |       |     7 |     7 ||    14
 Stab: Sleeping          |     3 |     6 |     7 |     1 ||    17
Armor: Robe              |    27 |    14 |    11 |       ||    52
       Skin              |       |     3 |    73 |    59 ||   135
       Acid dragon scale |       |       |    13 |    15 ||    28
       Steam dragon scal |       |       |     7 |       ||     7
Dodge: Dodged            |    62 |    42 |   212 |    96 ||   412

Table legend: (Time is in decaauts)
 A = Elapsed time spent in this place.
 B = Non-inter-level travel time spent in this place.
 C = Inter-level travel time spent in this place.
 D = Time resting spent in this place.
 E = Time spent auto-exploring this place.
 F = Levels seen in this place.
 G = Mean time per level.
                   A        B        C        D        E       F      G
               +--------+--------+--------+--------+--------+-----+--------+
         Total |  11475 |  10959 |    516 |    907 |   8178 |  10 | 1147.5 |
       Dungeon |  10208 |   9727 |    481 |    757 |   7327 |   8 | 1276.0 |
        Temple |    195 |    170 |     25 |      0 |    154 |   1 |  195.0 |
          Lair |   1071 |   1061 |     10 |    150 |    697 |   1 | 1071.0 |
               +--------+--------+--------+--------+--------+-----+--------+

Top non-repeatable levels by time:
     D:5: 2420 daAuts
     D:6: 2144 daAuts
     D:4: 1464 daAuts
     D:2: 1226 daAuts
  Lair:1: 1071 daAuts
     D:1: 862 daAuts
     D:7: 759 daAuts
     D:3: 693 daAuts
     D:8: 637 daAuts
  Temple: 195 daAuts
